TOP OF THE 1ST |
New York Knights batting - Pitching for Niagara Falls Frenzy : RHP Albert Gonzáles
|
Pitching: RHP Albert Gonzáles
|
|
Batting: LHB Dan Hamilton
|
0-0: Ball 1-0: Ball 2-0: Called Strike 2-1: Foul Ball, location: 2F 2-2: Fly out, F9 (Flyball, 89M)
|
Batting: RHB Pepe Carrasco
|
0-0: Ball 1-0: Foul Ball, location: 2F 1-1: Foul Ball, location: 2F 1-2: Foul Ball, location: 2F 1-2: Ball 2-2: Ground out 6-3 (Groundball, 6)
|
Batting: LHB Warren Potter
|
0-0: Ball 1-0: Ball 2-0: Ball 3-0: Swinging Strike 3-1: Base on Balls
|
Batting: RHB Vic Langlois
|
0-0: Foul Ball, location: 2F 0-1: Ball 1-1: Swinging Strike 1-2: Foul Ball, location: 2F 1-2: Strikes out swinging
|
Top of the 1st over - 0 run(s), 0 hit(s), 0 error(s), 1 left on base; New York 0 - Niagara Falls 0 |
BOTTOM OF THE 1ST |
Niagara Falls Frenzy batting - Pitching for New York Knights : RHP Sancho Mendoza
|
Pitching: RHP Sancho Mendoza
|
|
Batting: RHB Kel Pierce
|
0-0: Called Strike 0-1: Called Strike 0-2: Ball 1-2: SINGLE (Groundball, 3D)
|
Batting: RHB Zander Tremblett
|
0-0: Ball 1-0: Ground out 3-1 (Groundball, 34S) Kel Pierce to second
|
Batting: RHB Troy Lau
|
0-0: Called Strike 0-1: Ground out 5-3 (Groundball, 5L)
|
Batting: LHB Clyde Yarbrough
|
0-0: Foul Ball, location: 2F 0-1: SINGLE (Groundball, 56D) Kel Pierce to third Runner from 3rd tries for Home, SAFE, no throw
|
Batting: RHB Anastasio Villa
|
0-0: Called Strike Clyde Yarbrough steals 2nd base 0-1: Ball 1-1: Swinging Strike 1-2: Strikes out swinging
|
Bottom of the 1st over - 1 run(s), 2 hit(s), 0 error(s), 1 left on base; New York 0 - Niagara Falls 1 |
TOP OF THE 2ND |
New York Knights batting - Pitching for Niagara Falls Frenzy : RHP Albert Gonzáles
|
Batting: RHB Lonnie Anderson
|
0-0: Called Strike 0-1: Ball 1-1: Ground out 3-1 (Groundball, 34)
|
Batting: SHB Marvin Harris
|
0-0: Ground out 4-3 (Groundball, 4)
|
Batting: RHB Felipe Rodríguez
|
0-0: Ball 1-0: Ball 2-0: Ball 3-0: Base on Balls
|
Batting: LHB Mike Harris
|
0-0: Foul Ball, location: 2F 0-1: Ball 1-1: SINGLE (Groundball, 6MD) Felipe Rodríguez to second
|
Batting: RHB Jacob Pope
|
0-0: Ball 1-0: Foul Ball, location: 2F 1-1: Ball 2-1: Foul Ball, location: 2F 2-2: Foul Ball, location: 2F 2-2: Ball 3-2: Strikes out swinging
|
Top of the 2nd over - 0 run(s), 1 hit(s), 0 error(s), 2 left on base; New York 0 - Niagara Falls 1 |
BOTTOM OF THE 2ND |
Niagara Falls Frenzy batting - Pitching for New York Knights : RHP Sancho Mendoza
|
Batting: LHB Yasuhiko Onodera
|
0-0: Ball 1-0: Fly out, F8 (Flyball, 8LD)
|
Batting: SHB Héctor Padilla
|
0-0: Called Strike 0-1: Ball 1-1: Ground out 4-3 (Groundball, 34D)
|
Batting: RHB Jung-ha Kim
|
0-0: Called Strike 0-1: Ball 1-1: Ball 2-1: Fly out, F7 (Flyball, 7S)
|
Bottom of the 2nd over - 0 run(s), 0 hit(s), 0 error(s), 0 left on base; New York 0 - Niagara Falls 1 |
TOP OF THE 3RD |
New York Knights batting - Pitching for Niagara Falls Frenzy : RHP Albert Gonzáles
|
Batting: LHB Dan Hamilton
|
0-0: Called Strike 0-1: Ball 1-1: Called Strike 1-2: TRIPLE (Line Drive, 9LM)
|
Batting: RHB Pepe Carrasco
|
0-0: Swinging Strike 0-1: Swinging Strike 0-2: Foul Ball, location: 2F 0-2: Ball 1-2: Strikes out swinging
|
Batting: LHB Warren Potter
|
0-0: Ball 1-0: Ball 2-0: Called Strike 2-1: Foul Ball, location: 2F 2-2: Ball 3-2: Fly out, F8 (Line Drive, 8RM) Runner from 3rd tags up, SCORES, no throw
|
Batting: RHB Vic Langlois
|
0-0: Ground out 6-3 (Groundball, 6)
|
Top of the 3rd over - 1 run(s), 1 hit(s), 0 error(s), 0 left on base; New York 1 - Niagara Falls 1 |
BOTTOM OF THE 3RD |
Niagara Falls Frenzy batting - Pitching for New York Knights : RHP Sancho Mendoza
|
Batting: RHB Tomás Estrada
|
0-0: Ball 1-0: Ball 2-0: Foul Ball, location: 2F 2-1: Ground out 6-3 (Groundball, 6)
|
Batting: RHB Kel Pierce
|
0-0: Ball 1-0: Ball 2-0: Ground out 4-3 (Groundball, 4M)
|
Batting: RHB Zander Tremblett
|
0-0: Called Strike 0-1: Foul Ball, location: 2F 0-2: Ground out 4-3 (Groundball, 4)
|
Bottom of the 3rd over - 0 run(s), 0 hit(s), 0 error(s), 0 left on base; New York 1 - Niagara Falls 1 |
TOP OF THE 4TH |
New York Knights batting - Pitching for Niagara Falls Frenzy : RHP Albert Gonzáles
|
Batting: RHB Lonnie Anderson
|
0-0: Ball 1-0: Ball 2-0: Ball 3-0: Called Strike 3-1: Fly out, F8 (Flyball, 89M)
|
Batting: SHB Marvin Harris
|
0-0: Foul Ball, location: 2F 0-1: Foul Ball, location: 2F 0-2: Foul Ball, location: 2F 0-2: Strikes out swinging
|
Batting: RHB Felipe Rodríguez
|
0-0: Ball 1-0: Called Strike 1-1: Swinging Strike 1-2: Ball 2-2: Foul Ball, location: 2F 2-2: Foul Ball, location: 2F 2-2: Ground out 1-6-3 (Groundball, 15S)
|
Top of the 4th over - 0 run(s), 0 hit(s), 0 error(s), 0 left on base; New York 1 - Niagara Falls 1 |
BOTTOM OF THE 4TH |
Niagara Falls Frenzy batting - Pitching for New York Knights : RHP Sancho Mendoza
|
Batting: RHB Troy Lau
|
0-0: Ball 1-0: Called Strike 1-1: Fly out, F9 (Flyball, 9S)
|
Batting: LHB Clyde Yarbrough
|
0-0: Fly out, F9 (Flyball, 9S)
|
Batting: RHB Anastasio Villa
|
0-0: Ground out 5-3 (Groundball, 5S)
|
Bottom of the 4th over - 0 run(s), 0 hit(s), 0 error(s), 0 left on base; New York 1 - Niagara Falls 1 |
TOP OF THE 5TH |
New York Knights batting - Pitching for Niagara Falls Frenzy : RHP Albert Gonzáles
|
Batting: LHB Mike Harris
|
0-0: Called Strike 0-1: Ball 1-1: Called Strike 1-2: Ball 2-2: Ball 3-2: Strikes out looking
|
Batting: RHB Jacob Pope
|
0-0: Called Strike 0-1: Swinging Strike 0-2: Ball 1-2: Ball 2-2: Foul Ball, location: 2F 2-2: Strikes out looking
|
Batting: LHB Dan Hamilton
|
0-0: Ball 1-0: Foul Ball, location: 2F 1-1: Ground out 4-3 (Groundball, 4M)
|
Top of the 5th over - 0 run(s), 0 hit(s), 0 error(s), 0 left on base; New York 1 - Niagara Falls 1 |
BOTTOM OF THE 5TH |
Niagara Falls Frenzy batting - Pitching for New York Knights : RHP Sancho Mendoza
|
Batting: LHB Yasuhiko Onodera
|
0-0: Ball 1-0: SINGLE (Line Drive, 89S)
|
Batting: SHB Héctor Padilla
|
0-0: Ball Pickoff Throw to First - Out! 1-0: Ball 2-0: Ground out 5-3 (Groundball, 56S)
|
Batting: RHB Jung-ha Kim
|
0-0: Ball 1-0: Ball 2-0: Fly out, F7 (Flyball, 7LSF)
|
Bottom of the 5th over - 0 run(s), 1 hit(s), 0 error(s), 0 left on base; New York 1 - Niagara Falls 1 |
TOP OF THE 6TH |
New York Knights batting - Pitching for Niagara Falls Frenzy : RHP Albert Gonzáles
|
Batting: RHB Pepe Carrasco
|
0-0: Foul Ball, location: 2F 0-1: Ball 1-1: SINGLE (Line Drive, 89S)
|
Batting: LHB Warren Potter
|
0-0: Fly out, F8 (Flyball, 8LD)
|
Batting: RHB Vic Langlois
|
0-0: Ball 1-0: Called Strike 1-1: Grounds into double play, 6-4-3 (Groundball, 6)
|
Top of the 6th over - 0 run(s), 1 hit(s), 0 error(s), 0 left on base; New York 1 - Niagara Falls 1 |
BOTTOM OF THE 6TH |
Niagara Falls Frenzy batting - Pitching for New York Knights : RHP Sancho Mendoza
|
Batting: RHB Tomás Estrada
|
0-0: Called Strike 0-1: Ball 1-1: Foul Ball, location: 2F 1-2: Ball 2-2: SINGLE (Groundball, 56S) (infield hit)
|
Batting: RHB Kel Pierce
|
0-0: Called Strike 0-1: Foul Ball, location: 2F 0-2: Ball 1-2: Foul Ball, location: 2F 1-2: SINGLE (Groundball, 56D) Tomás Estrada to second
|
Batting: RHB Zander Tremblett
|
0-0: Fly out, F9 (Flyball, 9LSF)
|
Batting: RHB Troy Lau
|
0-0: Called Strike 0-1: Ball 1-1: Foul Ball, location: 2F 1-2: Foul Ball, location: 2F 1-2: Foul Ball, location: 2F 1-2: Fly out, F9 (Flyball, 89S)
|
Batting: LHB Clyde Yarbrough
|
0-0: Called Strike 0-1: Called Strike 0-2: SINGLE (Groundball, 4D) Tomás Estrada to third Kel Pierce to second Runner from 3rd tries for Home, SAFE, no throw
|
Batting: RHB Anastasio Villa
|
0-0: SINGLE (Groundball, 56D) Kel Pierce to third Clyde Yarbrough to second Runner from 3rd tries for Home, SAFE, no throw
|
Batting: LHB Yasuhiko Onodera
|
0-0: Ball 1-0: Ball 2-0: Called Strike 2-1: Ball 3-1: Called Strike 3-2: Ground out 6-3 (Groundball, 6)
|
Bottom of the 6th over - 2 run(s), 4 hit(s), 0 error(s), 2 left on base; New York 1 - Niagara Falls 3 |
TOP OF THE 7TH |
New York Knights batting - Pitching for Niagara Falls Frenzy : RHP Albert Gonzáles
|
Pitching: RHP Ricardo Pérez
|
|
Batting: RHB Lonnie Anderson
|
0-0: Ball 1-0: Called Strike 1-1: Swinging Strike 1-2: Ball 2-2: Strikes out swinging
|
Batting: SHB Marvin Harris
|
0-0: Fly out, F9 (Flyball, 9D)
|
Batting: RHB Felipe Rodríguez
|
0-0: Ball 1-0: DOUBLE (Line Drive, 78XD)
|
Batting: LHB Mike Harris
|
0-0: Foul Ball, location: 2F 0-1: Ball 1-1: Foul Ball, location: 2F 1-2: Ground out 4-3 (Groundball, 4D)
|
Top of the 7th over - 0 run(s), 1 hit(s), 0 error(s), 1 left on base; New York 1 - Niagara Falls 3 |
BOTTOM OF THE 7TH |
Niagara Falls Frenzy batting - Pitching for New York Knights : RHP Sancho Mendoza
|
Batting: SHB Héctor Padilla
|
0-0: Called Strike 0-1: Ball 1-1: Fly out, F7 (Flyball, 7S)
|
Batting: RHB Jung-ha Kim
|
0-0: Called Strike 0-1: Ball 1-1: Ball 2-1: Ball 3-1: SINGLE (Groundball, 56D)
|
Batting: RHB Tomás Estrada
|
0-0: Called Strike Jung-ha Kim is caught stealing 2nd base 0-1: Ball 1-1: Ball 2-1: Foul Ball, location: 2F 2-2: Foul Ball, location: 2F 2-2: Ball 3-2: Fly out, F2 (Popup, 3S)
|
Bottom of the 7th over - 0 run(s), 1 hit(s), 0 error(s), 0 left on base; New York 1 - Niagara Falls 3 |
TOP OF THE 8TH |
New York Knights batting - Pitching for Niagara Falls Frenzy : RHP Ricardo Pérez
|
Batting: RHB Jacob Pope
|
0-0: Called Strike 0-1: Fly out, F4 (Popup, 4D)
|
Batting: LHB Dan Hamilton
|
0-0: Called Strike 0-1: Ball 1-1: Foul Ball, location: 2F 1-2: Strikes out swinging
|
Batting: RHB Pepe Carrasco
|
0-0: Swinging Strike 0-1: Swinging Strike 0-2: Ground out 6-3 (Groundball, 6)
|
Top of the 8th over - 0 run(s), 0 hit(s), 0 error(s), 0 left on base; New York 1 - Niagara Falls 3 |
BOTTOM OF THE 8TH |
Niagara Falls Frenzy batting - Pitching for New York Knights : RHP Sancho Mendoza
|
Batting: RHB Kel Pierce
|
0-0: Ball 1-0: Ball 2-0: Reached via error on a dropped throw, E3
|
Batting: RHB Zander Tremblett
|
0-0: Ball 1-0: Ball Kel Pierce steals 2nd base 2-0: Intentional Walk
|
Pitching: RHP James Jones
|
|
Batting: RHB Troy Lau
|
0-0: Swinging Strike 0-1: Called Strike 0-2: Foul Ball, location: 2F 0-2: Ball 1-2: Ball 2-2: Strikes out swinging
|
Pitching: LHP Leo Huggins
|
|
Batting: LHB Clyde Yarbrough
|
0-0: Swinging Strike 0-1: Foul Ball, location: 2F 0-2: Fly out, F6 (Popup, 6D)
|
Batting: RHB Anastasio Villa
|
0-0: Foul Ball, location: 2F 0-1: Foul Ball, location: 2F 0-2: Strikes out looking
|
Bottom of the 8th over - 0 run(s), 0 hit(s), 1 error(s), 2 left on base; New York 1 - Niagara Falls 3 |
TOP OF THE 9TH |
New York Knights batting - Pitching for Niagara Falls Frenzy : RHP Ricardo Pérez
|
Pitching: RHP Esteban Juárez
|
|
Batting: LHB Warren Potter
|
0-0: Fly out, F3 (Popup, 3L)
|
Batting: RHB Vic Langlois
|
0-0: Ball 1-0: Foul Ball, location: 2F 1-1: Ball 2-1: Ground out 6-3 (Groundball, 6)
|
Batting: RHB Lonnie Anderson
|
0-0: Called Strike 0-1: Ball 1-1: Ball 2-1: Foul Ball, location: 2F 2-2: Strikes out swinging
|
Top of the 9th over - 0 run(s), 0 hit(s), 0 error(s), 0 left on base; New York 1 - Niagara Falls 3 |
|